AoeStats
← Muchlmaster

Golden Pit

508695255Analyzed
1v1 RM · 9d ago on Sep 23, 2026· 29m 35s· 2 players
Game mode
Random Map
Map size
Tiny (2 player)
Population
200
Speed
Normal
Resources
Standard
Victory
Conquest
Starting age
Dark Age
Ending age
Imperial Age
RankedLock teamsTeams togetherTeam positionsShared explorationLock speedFull tech treeHidden civsTurbo modeCheats
Victory
Defeat
🇳🇴 Byzantines · Norway
930
+16
🇦🇹 Bohemians · Austria
924
-16
Muchlmaster
3:56 Loom
9:53 Feudal Age
10:21 Double-Bit Axe
20:54 Padded Archer Armor
27:45 Castle Age
28:14 Pikeman
MHRO
7:18 Loom
10:04 Feudal Age
10:27 Man-at-Arms
15:03 Double-Bit Axe
15:26 Fletching
18:56 Padded Archer Armor
20:36 Scale Mail Armor
24:36 Castle Age
25:05 Scale Barding Armor
25:11 Forging
24:58 Gold Mining
27:37 Chain Barding Armor
28:25 Iron Casting
27:55 Husbandry
Connection lost

Rejoining the realm…

Still unreachable

The connection could not be restored.

Session expired

The server has moved on; the page needs a fresh start.